[Event "WA State Championship"]
[Site "Legacy House, South Perth"]
[Date "2005.07.24"]
[Round "4"]
[White "Maris, R"]
[Black "Payne, S"]
[Result "1-0"]
[WhiteElo "1939"]
[BlackElo "1630"]
[ECO "A48"]
[EventDate "2005.07.03"]
[TimeControl "5400+60"]

1.d4 Nf6 2.Nf3 g6 3.e3 Bg7 4.Bd3 d6 5.Nbd2 O-O 6.b3 Nc6 7.Bb2 Nh5 8.c3 e5 
9.d5 Ne7 10.c4 f5 11.Be2 Nf6 12.Qc2 c6 13.dxc6 bxc6 14.Rd1 e4 15.Nd4 c5 
16.Nb5 a6 17.Nc3 Bb7 18.Ndb1 Qc7 19.g3 g5 20.h4 h6 21.hxg5 hxg5 22.Rg1 Ng6
23.Kd2 Ne5 24.Kc1 Nfg4 25.Bf1 Nh2 26.Be2 Nhf3 27.Rgf1 Rf6 28.Nd5 Bxd5 29.
Rxd5 Rf7 30.Nd2 Nh2 31.Rg1 Nhg4 32.Rg2 Nf6 33.f4 Nxd5 34.cxd5 Nd7 35.g4 
Bxb2+ 36.Qxb2 Nb6 37.gxf5 Raf8 38.Nxe4 Qe7 39.Rxg5+ Kh7 40.Rh5+ 1-0

[Event "WA State Championship"]
[Site "Legacy House, South Perth"]
[Date "2005.07.24"]
[Round "4"]
[White "Fedec, J"]
[Black "Janceski, A"]
[Result "1-0"]
[WhiteElo "1829"]
[BlackElo "1662"]
[ECO "B06"]
[EventDate "2005.07.03"]
[TimeControl "5400+60"]

1.e4 d6 2.d4 g6 3.Nc3 Bg7 4.f4 e6 5.Nf3 b6 6.Bd3 Ne7 7.g4 Bb7 8.Be3 Nd7 9.
f5 e5 10.Rf1 f6 11.g5 h6 12.h4 gxf5 13.exf5 hxg5 14.hxg5 Rh3 15.Qd2 Ng8 
16.Qg2 Rh8 17.Bc4 Qe7 18.gxf6 Ndxf6 19.Qg6+ Kd8 20.O-O-O Bxf3 21.Rxf3 e4 
22.Rg3 Bf8 23.Bg5 Bh6 24.Nd5 Bxg5+ 25.Qxg5 Qf8 26.Rdg1 c6 27.Nf4 Kc8 28.
Ba6+ Kd7 29.Ng6 Qg7 30.Nxh8 Qxh8 31.Qg7+ Qxg7 32.Rxg7+ Ne7 33.Rf7 Ke8 34.
Rxf6 d5 35.Rg7 1-0

[Event "WA State Championship"]
[Site "Legacy House, South Perth"]
[Date "2005.07.24"]
[Round "4"]
[White "Dunlop, G"]
[Black "Pavlovic, M"]
[Result "1-0"]
[WhiteElo "1825"]
[BlackElo "1663"]
[ECO "C42"]
[EventDate "2005.07.03"]
[TimeControl "5400+60"]

1.e4 e5 2.Nf3 Nf6 3.Nxe5 d6 4.Nf3 Nxe4 5.d4 d5 6.Bd3 Be7 7.O-O O-O 8.Re1 
Bf5 9.Nbd2 Nxd2 10.Bxf5 Nxf3+ 11.Qxf3 g6 12.Bh6 Re8 13.Re5 Bf6 14.Rxe8+ 
Qxe8 15.Bxg6 fxg6 16.Qxf6 Qd7 17.Qf8# 1-0

[Event "WA State Championship"]
[Site "Legacy House, South Perth"]
[Date "2005.07.24"]
[Round "4"]
[White "Viswanath, G"]
[Black "Tomic, N"]
[Result "1-0"]
[WhiteElo "1732"]
[BlackElo "1705"]
[ECO "A90"]
[EventDate "2005.07.03"]
[TimeControl "5400+60"]

1.d4 f5 2.c4 e6 3.Nc3 Nf6 4.g3 c6 5.Bg2 Bb4 6.Qc2 d5 7.Nf3 Ne4 8.O-O O-O 
9.Rd1 Nd7 10.Bf4 Ndf6 11.h4 Bxc3 12.bxc3 Ng4 13.Rf1 Bd7 14.Ne1 Ngf6 15.f3 
Nh5 16.fxe4 Nxf4 17.Rxf4 fxe4 18.Rxf8+ Qxf8 19.cxd5 exd5 20.Qb3 Qf7 21.Nc2
Bg4 22.c4 Bxe2 23.cxd5 cxd5 24.Ne3 Rd8 25.Rc1 b5 26.Rc5 Bc4 27.Nxc4 bxc4 
28.Qb5 Qe6 29.Qa5 Qd6 30.Qc7 Qf6 31.Qe5 Qxe5 32.dxe5 Kf8 33.Kf2 Ke7 34.Ke3
g5 35.Bh3 gxh4 36.gxh4 h5 37.Kd4 a5 38.Rxa5 Rf8 39.Ra7+ Ke8 40.Ra8+ Ke7 
41.Rxf8 Kxf8 42.Be6 c3 43.Kxc3 1-0

[Event "WA State Championship"]
[Site "Legacy House, South Perth"]
[Date "2005.07.24"]
[Round "4"]
[White "Lubtschenko, W"]
[Black "Hessing, R"]
[Result "1-0"]
[WhiteElo "1693"]
[BlackElo "1663"]
[ECO "A84"]
[EventDate "2005.07.03"]
[TimeControl "5400+60"]

1.c4 f5 2.Nf3 Nf6 3.d4 e6 4.Bg5 Bb4+ 5.Nbd2 b6 6.a3 Bxd2+ 7.Qxd2 Bb7 8.Ne5
O-O 9.d5 d6 10.Nf3 e5 11.Qc2 Qe8 12.Bd2 Ne4 13.g3 Nd7 14.Bg2 a5 15.O-O Qh5
16.b4 Nxd2 17.Qxd2 h6 18.Rfc1 Nf6 19.Ne1 f4 20.Bf3 Qg6 21.Ng2 fxg3 22.hxg3
e4 23.Nf4 Qf5 24.Bg2 g5 25.Bh3 g4 26.Bg2 Nh5 27.Nxh5 Qxf2+ 28.Kh1 1-0

[Event "WA State Championship"]
[Site "Legacy House, South Perth"]
[Date "2005.07.24"]
[Round "4"]
[White "Rados, P"]
[Black "Holland, D"]
[Result "1/2-1/2"]
[WhiteElo "1723"]
[BlackElo "1588"]
[ECO "D02"]
[EventDate "2005.07.03"]
[TimeControl "5400+60"]

1.d4 d5 2.Nf3 e6 3.Bg5 f6 4.Bh4 Bd6 5.e3 Ne7 6.Bd3 c6 7.Nbd2 b6 8.Nf1 Ba6 
9.Bg3 Bxd3 10.Qxd3 Nf5 11.Bxd6 Nxd6 12.Ng3 Nd7 13.O-O e5 14.e4 exd4 15.
Qxd4 Nb5 16.Qe3 O-O 17.exd5 cxd5 18.Qe6+ Kh8 19.Qxd5 Nc5 20.Rad1 Qc7 21.
Qh5 g6 22.Qh6 f5 23.Ng5 f4 24.Ne2 Rf5 25.a4 Raf8 26.axb5 Qe7 27.Qxh7+ Qxh7
28.Nxh7 Kxh7 29.b4 Ne4 30.f3 Nf6 31.Nd4 Re5 32.c4 Rfe8 33.Ra1 R5e7 34.Nc6 
Re2 35.Rf2 R2e3 36.Rc2 g5 37.h3 Nh5 38.Kh2 Ng3 39.h4 Kg6 40.Nd4 Rh8 41.Kg1
Rd8 42.Nc6 Rde8 43.Kf2 g4 44.fxg4 Ne4+ 45.Kg1 Nf6 46.Rf2 Nxg4 47.Rxf4 Kh5 
48.Rf3 Re2 49.Nd4 Rb2 50.Nf5 Rg8 51.g3 Rd8 52.Ng7+ Kh6 53.Ne6 Rdd2 54.Nf4 
Nf2 55.Re1 Ng4 56.Re6+ Kh7 57.Re7+ Kg8 58.Re6 Nh2 59.Rfe3 Rd1+ 60.Re1 Nf3+
61.Kf1 Rxe1+ 62.Rxe1 Nxe1 63.Kxe1 Rxb4 64.Nd5 Rxc4 65.Ne7+ Kf7 66.Nc6 Rc2 
67.Kd1 Rg2 68.g4 Ke6 69.g5 Rg4 70.Nxa7 Rxh4 71.Nc8 Rb4 72.Nxb6 Rxb5 73.Nc4
Kd5 74.Nd2 Kd4 75.g6 Kd3 76.Kc1 Rg5 77.Nf3 Rg3 78.Ne5+ Ke4 79.Nd7 Rxg6 80.
Nc5+ Kd4 81.Na4 Rc6+ 82.Kb2 Kd3 83.Kb3 Rc8 84.Kb4 Kd4 85.Kb5 Rb8+ 86.Nb6 
Rh8 87.Kc6 Rh5 88.Nd7 Rh6+ 89.Kc7 Kd5 90.Nb6+ Kc5 91.Nd7+ Kd5 92.Nb6+ Rxb6
93.Kxb6 1/2-1/2

[Event "WA State Championship"]
[Site "Legacy House, South Perth"]
[Date "2005.07.24"]
[Round "4"]
[White "O'Donohue, B"]
[Black "Maris, N"]
[Result "0-1"]
[WhiteElo "1592"]
[BlackElo "1669"]
[ECO "B01"]
[EventDate "2005.07.03"]
[TimeControl "5400+60"]

1.e4 d5 2.exd5 Qxd5 3.Nc3 Qa5 4.d4 Nf6 5.Nf3 Bf5 6.Bd2 Qb6 7.b3 Nbd7 8.Bc4
e6 9.a3 c6 10.Bf4 Nd5 11.Nxd5 cxd5 12.Bd3 Bg6 13.O-O Bd6 14.Bxd6 Qxd6 15.
Re1 O-O 16.c4 dxc4 17.bxc4 Bh5 18.Be4 Rab8 19.Qb3 Nf6 20.c5 Qd7 21.Rad1 
Nxe4 22.Rxe4 Qc6 23.Re3 b6 24.Rb1 Bxf3 25.Rxf3 Qc7 26.cxb6 Rxb6 27.Qd1 
Rxb1 28.Qxb1 Rb8 29.Qd1 Qc4 30.h3 Rd8 31.Rd3 g6 32.f4 Rc8 33.Kh2 Qa2 34.
Qb3 Qf2 35.f5 Qxf5 36.Rf3 Qe4 37.Qb4 Qc6 38.Qe7 Qc7+ 39.Qxc7 Rxc7 40.Kg3 
Rc4 41.Rd3 f5 42.Kf4 Kf7 43.Ke5 h5 44.g3 Rc2 45.d5 Re2+ 46.Kd6 exd5 47.
Kxd5 Kf6 48.Kc5 Kg5 49.Kb5 Rh2 50.h4+ Kg4 51.Rd6 g5 52.Rd4+ Kxg3 53.hxg5 
Rg2 54.g6 f4 55.g7 Kf3 56.Rd7 h4 57.a4 Rg5+ 58.Ka6 h3 59.g8=Q Rxg8 60.Rh7 
Kg2 61.Kxa7 h2 0-1

[Event "WA State Championship"]
[Site "Legacy House, South Perth"]
[Date "2005.07.24"]
[Round "4"]
[White "Slack-Smith, B"]
[Black "Whitehead, P"]
[Result "1-0"]
[WhiteElo "1213"]
[BlackElo "1610"]
[ECO "B21"]
[EventDate "2005.07.03"]
[TimeControl "5400+60"]

1.e4 c5 2.f4 Nc6 3.Bb5 e6 4.Nc3 a6 5.Bxc6 bxc6 6.d3 d5 7.e5 Ne7 8.Nf3 Ng6 
9.O-O Be7 10.Kh1 a5 11.Bd2 Qc7 12.Qe1 Ba6 13.Ne2 a4 14.Qf2 c4 15.d4 Rb8 
16.b3 cxb3 17.axb3 Bxe2 18.Qxe2 axb3 19.cxb3 Rxb3 20.Ra8+ Rb8 21.Rfa1 O-O 
22.R8a7 Rb7 23.Qa6 Rxa7 24.Qxa7 Qxa7 25.Rxa7 Rb8 26.g3 c5 27.h4 h5 28.dxc5
Bxc5 29.Rc7 Bb6 30.Rd7 Nf8 31.Re7 Ng6 32.Rd7 Bd8 33.Kg2 Kf8 34.Kh3 Ke8 35.
Ra7 Bb6 36.Ra6 Ne7 37.Bb4 Nc6 38.Bd6 Rb7 39.Ra8+ Kd7 40.Rf8 Nd8 41.g4 
hxg4+ 42.Kxg4 Kc6 43.h5 Rd7 44.Rg8 f5+ 45.exf6 gxf6 46.Bf8 Rh7 47.h6 Nf7 
48.Rg6 Be3 49.Rxf6 Kd7 50.Bg7 Ke7 51.Ng5 Nxg5 52.fxg5 d4 53.Rf3 e5 54.Bxe5
Ke6 55.Bg7 Kd5 56.Kh5 Ke4 1-0

[Event "WA State Championship"]
[Site "Legacy House, South Perth"]
[Date "2005.07.24"]
[Round "4"]
[White "O'Shaughnessy, D"]
[Black "Markou, V"]
[Result "0-1"]
[WhiteElo "1303"]
[BlackElo "1452"]
[ECO "D56"]
[EventDate "2005.07.03"]
[TimeControl "5400+60"]

1.d4 d5 2.c4 e6 3.Nf3 Nf6 4.Nc3 Be7 5.Bg5 O-O 6.e3 h6 7.Bh4 Ne4 8.Bxe7 
Qxe7 9.Nxe4 dxe4 10.Nd2 f5 11.Be2 c5 12.d5 exd5 13.cxd5 Rd8 14.Qb3 Qf7 15.
Bc4 Rd6 16.a4 Nd7 17.Nb1 Ne5 18.Nc3 b6 19.O-O Nxc4 20.Qxc4 Bb7 21.Rfd1 
Rad8 22.a5 Bxd5 23.Nxd5 Rxd5 24.Rxd5 Qxd5 25.Qc2 b5 26.Rc1 c4 27.b3 cxb3 
0-1

[Event "WA State Championship"]
[Site "Legacy House, South Perth"]
[Date "2005.07.24"]
[Round "4"]
[White "Klimczak, J"]
[Black "Bailye, R"]
[Result "1-0"]
[WhiteElo "1366"]
[BlackElo "1223"]
[ECO "C45"]
[EventDate "2005.07.03"]
[TimeControl "5400+60"]

1.e4 e5 2.Nf3 Nc6 3.d4 exd4 4.Nxd4 Nf6 5.Nxc6 bxc6 6.Bd3 h6 7.O-O Be7 8.c4
O-O 9.Nc3 d6 10.Bc2 Bb7 11.Qd3 Re8 12.Be3 Bf8 13.h3 g6 14.Rad1 Nd7 15.f4 
Nc5 16.Qd2 Re7 17.Bxc5 Qe8 18.Ba3 c5 19.Nd5 Bxd5 20.cxd5 Bg7 21.b3 Rb8 22.
Bb1 Bf6 23.Bb2 Bh4 24.Rf3 Rb6 25.g3 c6 26.gxh4 cxd5 27.Qxd5 Qb5 28.Qd2 a5 
29.Qc3 f6 30.Qxf6 Qe8 31.Qh8+ Kf7 32.Qxe8+ Rxe8 33.e5 Ke6 34.f5+ gxf5 35.
Bxf5+ Ke7 36.exd6+ Rxd6 37.Re1+ Kd8 38.Rxe8+ Kxe8 39.Kg2 Rd2+ 40.Rf2 Rd6 
41.h5 Kd8 42.Bg7 Rc6 43.Bg6 Re6 44.Bxh6 Kc7 45.Bg7 Kb6 46.Rf6 Rxf6 47.Bxf6
1-0

[Event "WA State Championship"]
[Site "Legacy House, South Perth"]
[Date "2005.07.24"]
[Round "4"]
[White "Taylor, P"]
[Black "Garcia, M"]
[Result "0-1"]
[WhiteElo "1100"]
[BlackElo "1454"]
[ECO "B13"]
[EventDate "2005.07.03"]
[TimeControl "5400+60"]

1.e4 c6 2.Nf3 d5 3.exd5 cxd5 4.d4 Bf5 5.Bb5+ Nd7 6.Bf4 a6 7.Ba4 b5 8.Bb3 
e6 9.c3 Ngf6 10.Nbd2 Nb6 11.O-O Bd6 12.Be5 Nc4 13.Nxc4 dxc4 14.Bc2 Bg4 15.
h3 Bxe5 16.dxe5 Qxd1 17.Raxd1 Bxf3 18.gxf3 Nd5 19.Be4 O-O-O 20.Bxd5 Rxd5 
21.Rxd5 exd5 22.f4 Kd7 23.Rd1 Ke6 24.Kg2 a5 25.b3 Rb8 26.Kf3 b4 27.bxc4 
dxc4 28.Rd6+ Ke7 29.cxb4 Rxb4 30.Rc6 Kd7 31.Rc5 Ra4 32.f5 Ra3+ 33.Ke4 c3 
34.Kd3 Rxa2 35.Kxc3 Rxf2 36.Rxa5 Rxf5 37.Kd4 Rf3 38.Kd5 Rd3+ 39.Ke4 Rxh3 
40.Kd5 Rd3+ 41.Ke4 Rd1 42.Ra7+ Ke8 43.Kf5 g6+ 44.Kf6 Rf1+ 45.Kg7 h5 46.
Ra8+ Ke7 47.Ra7+ Ke6 48.Ra5 h4 49.Ra4 h3 50.Rh4 Rh1 51.Rh6 h2 52.Rh3 Kxe5 
53.Kxf7 Rf1+ 0-1

[Event "WA State Championship"]
[Site "Legacy House, South Perth"]
[Date "2005.07.31"]
[Round "5"]
[White "Kueh, M"]
[Black "Hare, T"]
[Result "1/2-1/2"]
[WhiteElo "1860"]
[BlackElo "2097"]
[ECO "A02"]
[EventDate "2005.07.03"]
[TimeControl "5400+60"]

1.f4 Nf6 2.Nf3 g6 3.b3 Bg7 4.Bb2 O-O 5.e3 c5 6.Be2 d6 7.O-O Nc6 8.Nc3 a6 
9.a4 Rb8 10.Qc1 Bd7 11.Bc4 Na5 12.Nd5 Nxc4 13.bxc4 b5 14.Nxf6+ exf6 15.
axb5 axb5 16.cxb5 Bxb5 17.Re1 Qd7 18.Bc3 Bc6 19.Rf1 Rb7 20.Rb1 Bb5 21.Re1 
Rfb8 22.d3 d5 23.Qd2 h6 24.Rb2 Bc6 25.Reb1 d4 26.Rxb7 Rxb7 27.Rxb7 Bxb7 
28.exd4 Bxf3 29.gxf3 cxd4 30.Bb4 f5 31.c4 dxc3 32.Bxc3 Qa7+ 33.d4 Qb7 34.
Kg2 Qd5 35.Kg3 Bf6 36.Qe3 Kg7 37.Qd2 h5 38.h3 h4+ 39.Kg2 Kh6 40.Qe3 Qa2+ 
41.Kg1 Qd5 42.Kg2 Kg7 43.Be1 Qe6 44.Bf2 Qxe3 45.Bxe3 Kf8 46.Kf2 Ke7 47.Ke2
Kd6 48.Kd3 Kd5 49.Bf2 Bd8 50.Be1 Be7 51.Bf2 Bf6 52.Be3 Bd8 53.Bf2 Bc7 54.
Bxh4 Bxf4 55.Bf6 g5 56.Bd8 Bc1 57.Bf6 Bf4 58.Bd8 1/2-1/2

[Event "WA State Championship"]
[Site "Legacy House, South Perth"]
[Date "2005.07.31"]
[Round "5"]
[White "Barber, H"]
[Black "Viswanath, G"]
[Result "1-0"]
[WhiteElo "2143"]
[BlackElo "1732"]
[ECO "B24"]
[EventDate "2005.07.03"]
[TimeControl "5400+60"]

1.e4 c5 2.Nc3 Nc6 3.g3 g6 4.Bg2 Bg7 5.d3 e5 6.Nh3 d6 7.O-O Nh6 8.Nd5 O-O 
9.c3 b5 10.f4 Bg4 11.Qe1 f6 12.Nf2 Be6 13.a4 Rb8 14.axb5 Rxb5 15.h3 Qd7 
16.g4 f5 17.exf5 gxf5 18.g5 Nf7 19.Nd1 Nfd8 20.Ra3 Qf7 21.N1e3 Re8 22.Qh4 
Ne7 23.Rxa7 Ndc6 24.Nxe7+ Nxe7 25.Bc6 Rbb8 26.Bxe8 Qxe8 27.Nc4 Ng6 28.Qg3 
Qc6 29.h4 e4 30.h5 Nf8 31.Rd1 Rd8 32.b3 Bxc3 33.dxe4 Qxe4 34.Qxc3 1-0

[Event "WA State Championship"]
[Site "Legacy House, South Perth"]
[Date "2005.07.31"]
[Round "5"]
[White "Leonhardt, W"]
[Black "Kurniawan, S"]
[Result "1/2-1/2"]
[WhiteElo "1916"]
[BlackElo "1800"]
[ECO "D35"]
[EventDate "2005.07.03"]
[TimeControl "5400+60"]

1.d4 Nf6 2.c4 e6 3.Nc3 d5 4.Nf3 Be7 5.Bg5 c6 6.e3 Nbd7 7.cxd5 exd5 8.Bd3 
h6 9.Bh4 O-O 10.h3 Ne4 11.Bxe7 Qxe7 12.Rc1 f5 13.O-O Rf6 14.Ne2 b6 15.Re1 
Bb7 16.a3 c5 17.dxc5 bxc5 18.Bb1 Nb6 19.Ba2 Rd8 20.Qc2 Kh8 21.Red1 Rfd6 
22.a4 a5 23.Bb1 Qf6 24.b3 Ba6 25.Nc3 c4 26.Nb5 cxb3 27.Qxb3 Bxb5 28.axb5 
a4 29.Qb4 Ra8 30.Nd4 a3 31.Ba2 f4 32.f3 fxe3 33.fxe4 Ra4 34.Qe1 Rxd4 35.
Qxe3 Rxe4 36.Qxa3 Re2 37.Rf1 Qe7 38.Bb1 g6 39.Rc6 Rxc6 40.Qxe7 Rxe7 41.
bxc6 Kg7 42.Bd3 Rc7 43.Bb5 Rf7 44.Re1 Kf6 45.Re8 Ra7 46.Rb8 Na8 47.Rb7 Ra5
48.Kf2 Ke6 49.Bd3 Kd6 50.Bxg6 Nc7 51.Rb8 Ra8 52.Rxa8 Nxa8 53.Kg3 Nc7 54.
Kh4 Ne6 55.Bf7 d4 56.c7 Nxc7 57.Kh5 Ne6 58.g3 Ng5 59.Bg6 Nxh3 60.Kxh6 Ke5 
61.Bd3 Nf2 62.Ba6 Ne4 63.g4 Kf4 64.Bd3 Nf2 65.g5 Ng4+ 66.Kh5 Ne5 67.g6 
1/2-1/2

[Event "WA State Championship"]
[Site "Legacy House, South Perth"]
[Date "2005.07.31"]
[Round "5"]
[White "Ellis, D"]
[Black "Lubtschenko, W"]
[Result "1/2-1/2"]
[WhiteElo "1981"]
[BlackElo "1693"]
[ECO "D71"]
[EventDate "2005.07.03"]
[TimeControl "5400+60"]

1.d4 Nf6 2.c4 g6 3.Nc3 Bg7 4.g3 d5 5.cxd5 Nxd5 6.Bg2 c6 7.Nf3 O-O 8.O-O 
Nd7 9.Nxd5 cxd5 10.Qb3 Nf6 11.Bf4 Nh5 12.Be3 b6 13.Rfc1 Ba6 14.Rc2 Qd6 15.
Rac1 Rfc8 16.Ne5 e6 17.Rxc8+ Rxc8 18.Rxc8+ Bxc8 19.Qa4 Bxe5 20.dxe5 Qd7 
21.Qxd7 Bxd7 22.Kf1 Ng7 23.g4 h5 24.h3 hxg4 25.hxg4 Ne8 26.Ke1 Nc7 27.Kd2 
Kf8 28.b3 Na6 29.Kc3 Ke8 30.b4 Kd8 31.Bg5+ Kc8 32.e3 Bb5 33.Bf3 Kd7 34.Bd1
Bc6 35.a4 Bb7 36.Be2 Nc7 37.f4 Bc8 38.Bd3 Ke8 39.Bh4 Kd7 40.Be1 Bb7 41.Bd2
Bc6 42.Kb3 Kc8 43.Bc3 Kd7 44.Bd4 Kc8 45.b5 Bd7 46.Kb4 Kb7 47.a5 Be8 48.a6+
Kc8 49.Bc3 Kb8 50.Be1 Kc8 51.Bh4 Kd7 52.Bf6 Na8 53.f5 gxf5 54.gxf5 Nc7 55.
Bg7 Ke7 56.f6+ Kd8 57.Bf8 Kc8 58.Bd6 Bd7 59.Bf8 Kd8 60.Bd6 Kc8 61.Be7 Na8 
62.Bd6 Nc7 63.Be2 Be8 64.Be7 Bd7 65.Bh5 Be8 66.Bf8 Kd7 67.Bd6 Kc8 68.Be2 
Bd7 69.Bd3 Be8 70.Be7 Bd7 71.Bg6 Be8 72.Bd3 Bd7 73.Bd6 Be8 74.Bxc7 Kxc7 
75.e4 dxe4 76.Bxe4 Kd8 77.Kc4 Bd7 78.Bd3 Ke8 79.Kd4 Kf8 80.Ke4 Be8 81.Kd4 
Bd7 82.Kc4 Ke8 83.Be4 1/2-1/2

[Event "WA State Championship"]
[Site "Legacy House, South Perth"]
[Date "2005.07.31"]
[Round "5"]
[White "Maris, R"]
[Black "Johnstone, R"]
[Result "1-0"]
[WhiteElo "1939"]
[BlackElo "1702"]
[ECO "D37"]
[EventDate "2005.07.03"]
[TimeControl "5400+60"]

1.d4 d5 2.Nf3 Nf6 3.c4 e6 4.Nc3 Be7 5.e3 O-O 6.Bd3 b6 7.O-O Bb7 8.b3 Nbd7 
9.Bb2 Rc8 10.Qe2 Ne4 11.Rac1 Ndf6 12.Ne5 c5 13.Rfd1 cxd4 14.exd4 Nxc3 15.
Bxc3 Bd6 16.Bb2 Ne4 17.f3 Nf6 18.Bb1 Qe7 19.Rf1 Ba3 20.Rfd1 Bb4 21.Qd3 g6 
22.Qe3 Kg7 23.Rc2 Ba3 24.Bc3 Bb4 25.Ba1 Ba3 26.Rcd2 Bb4 27.Re2 Ba6 28.Bd3 
Bb7 29.Rc2 Ba3 30.Kh1 Bb4 31.Be2 Ba3 32.Rb1 Bb4 33.a4 Ba3 34.Ra2 Bb4 35.
Rc1 Ba3 36.Rcc2 Bb4 37.Nd3 Ba3 38.c5 bxc5 39.dxc5 1-0

[Event "WA State Championship"]
[Site "Legacy House, South Perth"]
[Date "2005.07.31"]
[Round "5"]
[White "Maris, N"]
[Black "Dunlop, G"]
[Result "0-1"]
[WhiteElo "1669"]
[BlackElo "1825"]
[ECO "C00"]
[EventDate "2005.07.03"]
[TimeControl "5400+60"]

1.e4 e6 2.Nf3 b6 3.d4 Bb7 4.Nc3 c5 5.d5 exd5 6.exd5 d6 7.Bb5+ Nd7 8.O-O a6
9.Re1+ Be7 10.Bd3 Ngf6 11.Bf5 O-O 12.a3 b5 13.b4 Nb6 14.Bg5 Nbxd5 15.Nxd5 
Nxd5 16.Bxe7 Nxe7 17.Bg4 Nd5 18.bxc5 dxc5 19.Qd2 Nf6 20.Qg5 Nxg4 21.Qxg4 
Re8 22.c4 Rxe1+ 23.Rxe1 Qd6 24.cxb5 axb5 25.h3 Rd8 26.Nh4 Bc8 27.Nf5 Bxf5 
28.Qxf5 g6 29.Qg5 Kg7 30.Rc1 f5 31.Rb1 Re8 32.g3 c4 33.Qc1 Qe5 34.Qc2 Rd8 
35.a4 bxa4 36.Qxa4 Qc7 37.Qa6 Rd7 38.Rc1 c3 39.Qa1 Rd3 40.Kf1 Qc4 41.Kg1 
Qd4 42.Kg2 Kh6 43.Qa3 Rd2 44.Qf8+ Kh5 45.Rf1 c2 46.g4+ fxg4 47.hxg4+ Qxg4+
48.Kh2 Qf5 0-1

[Event "WA State Championship"]
[Site "Legacy House, South Perth"]
[Date "2005.07.31"]
[Round "5"]
[White "Choong, Y"]
[Black "Fedec, J"]
[Result "1-0"]
[WhiteElo "1633"]
[BlackElo "1829"]
[ECO "B50"]
[EventDate "2005.07.03"]
[TimeControl "5400+60"]

1.e4 c5 2.Nf3 d6 3.c3 Nf6 4.h3 Nc6 5.Bd3 d5 6.e5 Nd7 7.e6 fxe6 8.Ng5 Nf6 
9.Bxh7 Ne5 10.Qe2 Qc7 11.Bc2 d4 12.Ba4+ Kd8 13.f4 Nc6 14.Nf7+ Ke8 15.Nxh8 
Qxf4 16.Qf3 Qe5+ 17.Kd1 Bd7 18.Re1 Qc7 19.Bb3 c4 20.Bxc4 Ne5 21.Qf4 Qxc4 
22.Qxe5 Ba4+ 23.b3 d3 24.Re3 Nd5 25.Rf3 Rc8 26.Ng6 Bxb3+ 27.axb3 Qxb3+ 28.
Ke1 1-0

[Event "WA State Championship"]
[Site "Legacy House, South Perth"]
[Date "2005.07.31"]
[Round "5"]
[White "Patron, A"]
[Black "O'Donohue, B"]
[Result "1-0"]
[WhiteElo "1820"]
[BlackElo "1592"]
[ECO "E21"]
[EventDate "2005.07.03"]
[TimeControl "5400+60"]

1.d4 Nf6 2.c4 e6 3.Nc3 Bb4 4.Nf3 b6 5.Bf4 Bb7 6.e3 O-O 7.Bd3 Ne4 8.Rc1 
Bxc3+ 9.bxc3 c5 10.O-O f5 11.Bxe4 Bxe4 12.dxc5 bxc5 13.Bd6 Rf7 14.Bxc5 d6 
15.Bxd6 Nc6 16.c5 Qa5 17.Ng5 Rf6 18.f3 Rg6 19.Nh3 Qxa2 20.Rf2 Qc4 21.fxe4 
Qxe4 22.Qe2 a5 23.Rd1 Qa4 24.Nf4 Rf6 25.Rb1 Qe4 26.Qb5 Nb4 27.Ra1 g5 28.
cxb4 gxf4 29.exf4 a4 30.Rxa4 Qe1+ 31.Rf1 Qe3+ 32.Kh1 Rxa4 33.Qxa4 Qe2 34.
Qd1 Qa2 35.Be5 Rg6 36.Qd8+ Kf7 37.Qd7+ Kf8 38.Bd6+ Kg8 39.Qe8+ 1-0

[Event "WA State Championship"]
[Site "Legacy House, South Perth"]
[Date "2005.08.02"]
[Round "5"]
[White "Holland, D"]
[Black "Pavlovic, M"]
[Result "1-0"]
[WhiteElo "1588"]
[BlackElo "1663"]
[ECO "A17"]
[EventDate "2005.07.03"]
[TimeControl "5400+60"]

1.Nf3 Nf6 2.c4 e6 3.Nc3 b6 4.e3 Bb7 5.b3 Be7 6.Bb2 Ne4 7.Nxe4 Bxe4 8.Bxg7 
Rg8 9.Bb2 Bf6 10.d4 h6 11.Nd2 Bb7 12.e4 Nc6 13.e5 Bg5 14.Ne4 Nb4 15.Nxg5 
Qxg5 16.Qd2 a5 17.a3 Nc6 18.h4 Qg4 19.f3 Qg3+ 20.Qf2 Qg6 21.h5 Qf5 22.Qd2 
O-O-O 23.b4 d6 24.exd6 Rxd6 25.O-O-O e5 26.d5 axb4 27.axb4 e4 28.fxe4 Qxe4
29.Re1 Qg4 30.Bc3 Na7 31.Be5 Rd7 32.Rh3 Rg5 33.Bf6 Rg8 34.Qd3 c5 35.bxc5 
bxc5 36.Be5 Kd8 37.Rg3 1-0

[Event "WA State Championship"]
[Site "Legacy House, South Perth"]
[Date "2005.07.31"]
[Round "5"]
[White "Garcia, M"]
[Black "Rados, P"]
[Result "1/2-1/2"]
[WhiteElo "1454"]
[BlackElo "1723"]
[ECO "E01"]
[EventDate "2005.07.03"]
[TimeControl "5400+60"]

1.d4 e6 2.c4 d5 3.g3 Nf6 4.Bg2 c6 5.Nf3 Nbd7 6.O-O dxc4 7.Nbd2 b5 8.a4 Qb6
9.Qc2 Bb7 10.b3 cxb3 11.Nxb3 a5 12.Be3 Nd5 13.Rfc1 b4 14.Ng5 h6 15.Ne4 Be7
16.Bd2 O-O 17.Nec5 Nxc5 18.Nxc5 Bxc5 19.dxc5 Qc7 20.e4 Nf6 21.Bf4 e5 22.
Bd2 Rad8 23.f4 Ba6 24.Qb2 Rfe8 25.fxe5 Qxe5 26.Qxe5 Rxe5 27.Bf4 Re6 28.Bc7
Ra8 29.Bxa5 b3 30.Rab1 Rb8 31.Bb6 Nxe4 32.Rxb3 Nd2 33.Rb4 Rbe8 34.h4 Be2 
35.Rc2 Nf3+ 36.Bxf3 Bxf3 37.Bc7 Re2 38.Rxe2 Rxe2 39.Rb8+ Kh7 40.a5 Ra2 41.
Ra8 Be2 42.Bb6 Bc4 43.Rc8 Bd5 44.Rd8 Bc4 45.Rc8 Bb5 46.Re8 Kg6 47.Re3 Rb2 
48.Ra3 Ba6 49.Rf3 f5 50.Rf2 Rb1+ 51.Kg2 Bd3 52.Ra2 Ba6 53.Rf2 h5 54.Rd2 
Bb5 55.Ra2 Ba6 56.Rd2 f4 57.gxf4 Kf5 58.Kf3 Rb3+ 59.Kf2 Kxf4 60.Bc7+ Kf5 
61.Rd4 g5 62.hxg5 Kxg5 63.Bd8+ Kf5 64.Bc7 Rb2+ 65.Kg3 Bb5 66.Kh4 Rb3 67.
Rf4+ Kg6 68.Be5 Be2 69.Rf6+ Kh7 70.Rxc6 Ra3 1/2-1/2

[Event "WA State Championship"]
[Site "Legacy House, South Perth"]
[Date "2005.07.31"]
[Round "5"]
[White "Tomic, N"]
[Black "Klimczak, J"]
[Result "1/2-1/2"]
[WhiteElo "1705"]
[BlackElo "1366"]
[ECO "A00"]
[EventDate "2005.07.03"]
[TimeControl "5400+60"]

1.g4 g6 2.Bg2 Bg7 3.d4 c6 4.e4 e6 5.h4 d6 6.Qd3 Ne7 7.Nc3 Qb6 8.Nge2 e5 9.
dxe5 Bxe5 10.f4 Bxg4 11.fxe5 Bxe2 12.Qxe2 dxe5 13.Qc4 Qd4 14.Qb3 Qb6 15.
Bh6 Qxb3 16.axb3 f5 17.Bg7 Rg8 18.Bxe5 Nd7 19.Bf4 a6 20.O-O-O O-O-O 21.Na4
fxe4 22.Bg5 Rde8 23.Bxe4 Rgf8 24.b4 Nf5 25.Bxf5 Rxf5 26.Rd4 b5 27.Rxd7 
Kxd7 28.Nc5+ Kc8 29.Nxa6 Ref8 30.b3 Rf1+ 31.Rxf1 Rxf1+ 32.Kd2 Rh1 33.Nc5 
h6 34.Bf6 Rh2+ 35.Kd3 Rg2 36.Ne4 Kd7 37.c4 bxc4+ 38.bxc4 Rg1 39.Bd4 Rh1 
40.Bf2 Rh3+ 41.Kd4 Rh1 42.b5 cxb5 43.cxb5 Kc7 44.Ke5 g5 45.hxg5 hxg5 46.
Nxg5 Rb1 47.Ne6+ Kb7 48.Nc5+ Kc7 49.Ne6+ Kb7 50.Nd4 Kb6 51.Nc2+ Kb7 52.Na3
Rb3 53.Bc5 Rxa3 1/2-1/2

[Event "WA State Championship"]
[Site "Legacy House, South Perth"]
[Date "2005.07.31"]
[Round "5"]
[White "Hessing, R"]
[Black "Bailye, R"]
[Result "1-0"]
[WhiteElo "1663"]
[BlackElo "1223"]
[ECO "A02"]
[EventDate "2005.07.03"]
[TimeControl "5400+60"]

1.f4 Nc6 2.b3 e5 3.fxe5 Nxe5 4.Nf3 Nxf3+ 5.exf3 Nf6 6.Bb2 g6 7.d4 Bg7 8.c4
O-O 9.Bd3 d5 10.O-O c6 11.Nd2 Nh5 12.f4 Qe7 13.Qf3 Nf6 14.a4 Bg4 15.Qg3 
Qd7 16.h3 Bf5 17.Rae1 Nh5 18.Qf3 Bxd3 19.Qxd3 Bh6 20.f5 Bxd2 21.Qxd2 Ng3 
22.f6 Kh8 23.Qh6 Rg8 24.Re7 Nf5 25.Rxf5 Qxf5 26.Rxf7 g5 27.Ba3 Qg6 28.Qxg6
Rxg6 29.Bd6 Kg8 30.Rxb7 Rxf6 31.Be5 Rf7 32.Rb4 Rd7 33.Kf2 Kf7 34.Ke3 Ke6 
35.a5 dxc4 36.Rxc4 Rc8 37.b4 Rd5 38.Kd3 h5 39.Rc2 Rb5 40.Kc4 Rd8 41.Rf2 
Rg8 42.Rf6+ Ke7 43.Rxc6 Rb7 44.Rh6 Rc8+ 45.Kb3 Rd7 46.Rxh5 g4 47.hxg4 Rf8 
48.g5 Rg8 49.Bf6+ Ke6 50.g4 a6 51.Rh3 Rd5 52.Rc3 Kf7 53.Rc7+ Kg6 54.Kc4 
Rxg5 55.Bxg5 Kxg5 56.Rc6 Kxg4 57.Rxa6 Kf5 58.b5 Ke4 59.Re6+ Kf5 60.Re5+ 
Kf6 61.b6 Rc8+ 62.Kb5 Rd8 63.b7 Rxd4 64.b8=Q Rd1 65.Qh8+ Kg6 66.Qh5+ 1-0

[Event "WA State Championship"]
[Site "Legacy House, South Perth"]
[Date "2005.07.31"]
[Round "5"]
[White "Janceski, A"]
[Black "Slack-Smith, B"]
[Result "1/2-1/2"]
[WhiteElo "1662"]
[BlackElo "1213"]
[ECO "B08"]
[EventDate "2005.07.03"]
[TimeControl "5400+60"]

1.d4 d6 2.e4 Nf6 3.Nc3 g6 4.Nf3 Bg7 5.Be2 O-O 6.O-O Bg4 7.h3 Bxf3 8.Bxf3 
c6 9.Be3 Qc7 10.Rb1 Nbd7 11.g3 Nb6 12.Qd3 Rad8 13.a4 Nfd7 14.b3 c5 15.Nb5 
Qb8 16.a5 Na8 17.c3 a6 18.Na3 Qc7 19.Nc4 b5 20.axb6 Naxb6 21.Nxb6 Qxb6 22.
b4 cxd4 23.cxd4 Rb8 24.Be2 Qb5 25.Qd2 Qb7 26.f3 Rfc8 27.Qa2 Rc3 28.Bf2 Ra8
29.Qb2 Rac8 30.Qa1 Nb8 31.b5 axb5 32.Rxb5 Qc7 33.Rfb1 Rc2 34.Bf1 Nd7 35.
Rb7 Qd8 36.Qa7 R2c7 37.h4 h6 38.Bh3 Ra8 39.Rxc7 Rxa7 40.Rxa7 Nf8 41.Rbb7 
Bf6 42.Rc7 Ne6 43.Rc6 Qb8 44.Rca6 Qb1+ 45.Kg2 Nxd4 46.Ra8+ Kg7 47.Ra1 Qd3 
48.R1a3 Qd1 49.Bd7 Qb1 50.Ra1 1/2-1/2

[Event "WA State Championship"]
[Site "Legacy House, South Perth"]
[Date "2005.07.31"]
[Round "5"]
[White "Walker, C"]
[Black "O'Shaughnessy, D"]
[Result "1-0"]
[WhiteElo "1353"]
[BlackElo "1303"]
[ECO "C44"]
[EventDate "2005.07.03"]
[TimeControl "5400+60"]

1.e4 e5 2.Nf3 Nf6 3.d3 Nc6 4.a3 d5 5.exd5 Nxd5 6.Nbd2 Bg4 7.h3 Be6 8.Nb3 
Be7 9.Be2 O-O 10.Bd2 Re8 11.c4 Nf6 12.Ng5 Bf5 13.Be3 h6 14.Nf3 Bd6 15.O-O 
Qe7 16.c5 1-0